AoeStats
← tomwilmore

Glade

510426381Analyzed
1v1 RM · 2d ago on Oct 1, 2026· 23m 5s· 2 players
Game mode
Random Map
Map size
Tiny (2 player)
Population
200
Speed
Normal
Resources
Standard
Victory
Conquest
Starting age
Dark Age
Ending age
Imperial Age
RankedLock teamsTeams togetherTeam positionsShared explorationLock speedFull tech treeHidden civsTurbo modeCheats
Victory
Defeat
🇦🇷 Aztecs · Argentina
603
+19
🇬🇧 Inca · United Kingdom
664
-39
THEQUEENSIL
9:05 Loom
11:44 Feudal Age
12:31 Man-at-Arms
14:58 Forging
19:01 Fletching
21:33 Castle Age
tomwilmore
7:40 Loom
8:13 Loom
12:10 Feudal Age
20:50 Double-Bit Axe
20:31 Champi Runner
21:27 Horse Collar
25:08 Castle Age
Connection lost

Rejoining the realm…

Still unreachable

The connection could not be restored.

Session expired

The server has moved on; the page needs a fresh start.